 Dungeon Crawl Stone Soup version 0.26-a0-660-gc07710193c (webtiles) character file.

Game seed: 11528609106454020421

163 tom967 the Conjurer (level 5, 0/41 HPs)
             Began as a Draconian Conjurer on Oct 8, 2020.
             Slain by Purgy (1 damage)
             ... in a sewer.
             The game lasted 00:26:13 (3923 turns).

tom967 the Conjurer (Draconian Conjurer)            Turns: 3923, Time: 00:26:13

Health: 0/41       AC:  5    Str:  9    XL:     5   Next: 20%
Magic:  0/9        EV: 12    Int: 20    God:
Gold:   157        SH:  0    Dex:  9    Spells: 2/9 levels left

rFire    . . .     SeeInvis .   b - +0 dagger
rCold    . . .     Faith    .   (no shield)
rNeg     . . .     Spirit   +   (armour unavailable)
rPois    .         Reflect  .   (helmet restricted)
rElec    .         Harm     .   (no cloak)
rCorr    +         Rampage  .   (no gloves)
MR       .....                  (no boots)
Stlth    ++........             e - amulet of guardian spirit
HPRegen  0.13/turn              a - ring of resist corrosion
MPRegen  0.11/turn              (no ring)

@: no status effects
A: unfitting armour, cold-blooded, AC +5
a: no special abilities


You were in a sewer.
You visited 1 branch of the dungeon, and saw 3 of its levels.
You also visited: Sewer.

You collected 157 gold pieces.

Inventory:

Hand Weapons
 b - a +0 dagger (weapon)
Missiles
 c - 94 arrows
 f - 28 stones (quivered)
Armour
 h - a cursed -1 robe
Jewellery
 a - a ring of resist corrosion (left hand)
 e - an amulet of guardian spirit (around neck)
Scrolls
 d - a scroll of remove curse
Potions
 j - a potion of invisibility


   Skills:
 * Level 1.9 Fighting
 + Level 0.8 Short Blades
 - Level 1.8 Dodging
 - Level 1.8 Stealth
 * Level 2.9 Spellcasting
 * Level 5.5 Conjurations


You had 2 spell levels left.
You knew the following spells:

 Your Spells              Type           Power        Failure   Level
a - Magic Dart            Conj           ####         1%          1
b - Fulminant Prism       Conj/Hex       ##........   41%         4
c - Searing Ray           Conj           ####..       2%          2

Your spell library contained the following spells:

 Spells                   Type           Power        Failure   Level
 Dazzling Flash           Conj/Hex       ##....       14%         3
 Iskenderun's Mystic Bla  Conj/Tloc      ##......     41%         4


Dungeon Overview and Level Annotations

Branches:
Dungeon (3/15)              Sewer (1/1)

Altars:

Annotations:
Sewer Purgy


Innate Abilities, Weirdness & Mutations

Your plain brown scales are hard. (AC +5)
You cannot fit into any form of body armour.
You are cold-blooded and may be slowed by cold attacks.


Message History

Aim: Purgy The searing ray hits Purgy!
Purgy is moderately wounded. (Press . to maintain the ray.) Purgy bites you but does no damage.
Purgy claws you but does no damage. x2
The searing ray hits Purgy.
Purgy is heavily wounded.
Purgy bites you but does no damage. Purgy claws you.
* * * LOW HITPOINT WARNING * * *
Purgy barely misses you.
The searing ray hits Purgy!
Purgy is severely wounded.
Purgy bites you.
* * * LOW HITPOINT WARNING * * *
Purgy claws you but does no damage. x2
The searing ray misses Purgy.
You finish channeling your searing ray.
Purgy bites you.
* * * LOW HITPOINT WARNING * * *
Purgy misses you. Purgy claws you.
You die...

...≈≈≈...#######.#
#...≈...## #.#
##.....## #.#
####### ###.###
##.....##
#.......#
#.......#
#....T..#
#...@...#
#..$!$..#
##$()?$## #######


You could see Purgy.

Vanquished Creatures
  Jessica (D:2)
  Terence (D:3)
  4 adders
  A worm (D:3)
  4 dart slugs
  A leopard gecko (D:2)
  8 bats
  5 giant cockroaches
  7 goblins
  6 hobgoblins
  4 jackals (D:2)
  11 kobolds
  2 quokkas
  2 ball pythons (D:1)
  A frilled lizard (D:1)
  4 rats
62 creatures vanquished.

Notes
Turn   | Place    | Note
-------+----------+-------------------------------------------
     0 | D:1      | tom967 the Draconian Conjurer began the quest for the Orb.
     0 | D:1      | Reached XP level 1. HP: 14/14 MP: 3/3
   365 | D:1      | Reached XP level 2. HP: 20/20 MP: 3/5
  1337 | D:2      | Reached XP level 3. HP: 27/27 MP: 3/6
  1669 | D:2      | Reached skill level 1 in Fighting
  1870 | D:2      | Noticed Jessica
  1873 | D:2      | Killed Jessica
  1873 | D:2      | Reached skill level 5 in Conjurations
  1873 | D:2      | Reached XP level 4. HP: 35/35 MP: 3/7
  1988 | D:2      | Learned a level 4 spell: Fulminant Prism
  1991 | D:2      | Learned a level 2 spell: Searing Ray
  3301 | D:3      | Noticed Terence
  3378 | D:3      | Killed Terence
  3378 | D:3      | Reached XP level 5. HP: 10/41 MP: 4/9
  3678 | D:3      | Found a glowing drain.
  3710 | Sewer    | Entered a sewer
  3802 | Sewer    | Noticed Purgy
  3923 | Sewer    | HP: 1/41 [Purgy (4)]
  3923 | Sewer    | Slain by Purgy

Illustrated notes

Levels and vault maps discovered:
D:1:      lemuel_arrival_funnel, layout_basic
D:2:      layout_basic, uniq_jessica
D:3:      layout_loops_ring, gup_sewer_entry_glass, uniq_terence
Sewer:    sewer_big_baddie

Skill      XL: |  1  2  3 |
---------------+----------+-----
Fighting       | 1 |  1.9
Conjurations   | 5 |  5.5
Short Blades   | |  0.8
Dodging        | |  1.8
Stealth        | |  1.8
Spellcasting   | |  2.9

Action                   |  1- 3 |  4- 6 || total
-------------------------+-------+-------++-------
Melee: Dagger            |    23 |    32 ||    55
       Tailslap          |       |     2 ||     2
Throw: Stone             |       |     3 ||     3
 Cast: Magic Dart        |    53 |    43 ||    96
       Searing Ray       |       |     8 ||     8
  Use: Scroll            |     1 |     2 ||     3
       Potion            |       |     1 ||     1
Armor: Skin              |     3 |    97 ||   100
Dodge: Dodged            |    20 |   123 ||   143

Table legend: (Time is in decaauts)
 A = Elapsed time spent in this place.
 B = Non-inter-level travel time spent in this place.
 C = Inter-level travel time spent in this place.
 D = Time resting spent in this place.
 E = Time spent auto-exploring this place.
 F = Levels seen in this place.
 G = Mean time per level.
                   A        B        C        D        E       F      G
               +--------+--------+--------+--------+--------+-----+--------+
         Total |   3921 |   3780 |    141 |   1281 |   1915 |   4 |  980.2 |
       Dungeon |   3709 |   3568 |    141 |   1281 |   1915 |   3 | 1236.3 |
         Sewer |    212 |    212 |      0 |      0 |      0 |   1 |  212.0 |
               +--------+--------+--------+--------+--------+-----+--------+

Top non-repeatable levels by time:
     D:2: 1870 daAuts
     D:1: 1303 daAuts
     D:3: 535 daAuts
   Sewer: 212 daAuts
